 Dungeon Crawl Stone Soup version 0.19-a0-1341-g3513869 (webtiles) character file.

39 4thArraOfDagon the Ruffian (level 3, 0/31 HPs)
             Began as a Troll Ice Elementalist on Sept 1, 2016.
             Slain by a sky beast (5 damage)
             ... on level 5 of the Dungeon.
             The game lasted 00:01:28 (281 turns).

4thArraOfDagon the Ruffian (Troll Ice Elementalist)  Turns: 281, Time: 00:01:29

Health: 0/31       AC:  5    Str: 16    XL:     3   Next: 28%
Magic:  3/3        EV: 10    Int: 12    God:    Xom [..*...]
Gold:   35         SH:  0    Dex: 10    Spells: 1 memorised, 3 levels left

rFire  . . .     SeeInvis .       - Unarmed
rCold  . . .     Gourm    +     a - +0 robe
rNeg   . . .     Faith    .     (no shield)
rPois  .         Spirit   .     (helmet restricted)
rElec  .         Dismiss  .     (no cloak)
rCorr  .         Reflect  .     (gloves unavailable)
MR     .....     Harm     .     (boots unavailable)
Stlth  +.........               (no amulet)
                                (no ring)
                                (no ring)

@: very slightly contaminated, invisible
A: unfitting armour, claws 3, fast metabolism 3, gourmand, regeneration 1,
shaggy fur 1, tough skin 2
a: Renounce Religion


You were on level 5 of the Dungeon.
You worshipped Xom.
You were a toy of Xom.
You were not hungry.

You visited 1 branch of the dungeon, and saw 5 of its levels.

You collected 35 gold pieces.

Inventory:

Armour
 a - a +0 robe (worn)
Potions
 e - a potion of haste {unknown}
Books
 b - a book of Frost

   Spells                             Type                      Level
   a - Freeze                         Ice                          1
   b - Throw Frost                    Conjuration/Ice              2
   c - Ozocubu's Armour               Charms/Ice                   3
   d - Throw Icicle                   Conjuration/Ice              4
   e - Summon Ice Beast               Ice/Summoning                4
Comestibles
 c - 2 bread rations
 f - a meat ration


   Skills:
 - Level 1.5 Dodging
 - Level 1.1 Stealth
 + Level 3.0 Unarmed Combat
 - Level 1.2 Spellcasting
   Level 0.6 Conjurations
 - Level 2.1 Ice Magic


You had 3 spell levels left.
You knew the following spells:

 Your Spells              Type           Power        Failure   Level  Hunger
a - Freeze                Ice            #...         12%         1    ##.....


Dungeon Overview and Level Annotations

Branches:
Dungeon (5/15)
 Temple: D:4-7

Altars:
Vehumet
Xom

Shops:
D:5 *


Innate Abilities, Weirdness & Mutations

You are too large for most types of armour.
You have claws for hands.
Your metabolism is lightning-fast.
You like to eat raw meat.
Your natural rate of healing is unusually fast.
You are covered in fur. (AC +1)
You have very tough skin. (AC +2)


Message History

Reactivating autopickup.
Unknown command.
Unknown command.
You barely miss the sky beast.
The sky beast is severely wounded.
The sky beast closely misses you.
Unknown command.
Unknown command.
Unknown command.
You barely miss the sky beast.
The sky beast is severely wounded.
The sky beast barely misses you.
Unknown command.
Unknown command.
You miss the sky beast.
The sky beast is severely wounded.
The sky beast hits you.
* * * LOW HITPOINT WARNING * * *
The sky beast shocks you.
You die...

#.......!.#
#........#
#........#
#........#
#........#
#........### #
#..........###....
#........#Y.......
#........@####....
#########.# ..
#... .##... . ...#
## .!. #.. .#.


You could see a sky beast.

Vanquished Creatures
  A worker ant (D:5)
  An adder (D:2)
  An ooze (D:4)
  2 giant newts (D:2)
  A quokka skeleton (D:5)
  A rat (D:2)
7 creatures vanquished.

Notes
Turn   | Place    | Note
-------+----------+-------------------------------------------
     0 | D:1      | 4thArraOfDagon the Troll Ice Elementalist began the quest for the Orb.
     0 | D:1      | Reached XP level 1. HP: 16/16 MP: 1/1
   113 | D:2      | Reached skill level 1 in Unarmed Combat
   113 | D:2      | Reached XP level 2. HP: 17/24 MP: 2/2
   188 | D:4      | Found a shimmering altar of Xom.
   197 | D:4      | Became a worshipper of Xom of Chaos
   215 | D:4      | Found a radiant altar of Vehumet.
   230 | D:4      | Reached skill level 2 in Unarmed Combat
   247 | D:5      | Entered Level 5 of the Dungeon
   252 | D:5      | Noticed a sky beast
   252 | D:5      | XOM: potion effect (invisibility)
   256 | D:5      | Reached skill level 3 in Unarmed Combat
   256 | D:5      | Reached XP level 3. HP: 26/31 MP: 3/3
   260 | D:5      | Found Eda Gynk's General Store.
   271 | D:5      | HP: 1/31 [something (6)]
   281 | D:5      | Slain by a sky beast

Vault maps used:
D:1:      lightli_arrival_quake
D:2:      nemelex_xobeh_ov_fountains_minmay, minmay_misc_feat_room, uniq_robin
D:3:      trog_three_pillars_becter, uniq_jessica
D:4:      lemuel_doored_altar, lemuel_round_altar, overflow_temple_1_default,
          first_bread
D:5:      gup_sewer_entry_bowl, basic_altar, serial_shops, nicolae_shop_crystal,
          kennysheep_opposing_triangles

Skill      XL: |  1  2 |
---------------+-------+-----
Unarmed Combat | 1 3 |  3.0
Dodging        | |  1.5
Stealth        | |  1.1
Spellcasting   | |  1.2
Conjurations   | |  0.6
Ice Magic      | |  2.1

Action                   || total
-------------------------++-------
Melee: Unarmed           ||    47
  Use: Scroll            ||     2
 Stab: Invisible         ||     1
       Sleeping          ||     1
Armor: Robe              ||    13
Dodge: Dodged            ||    25
